 Dungeon Crawl Stone Soup version 0.30-a0-459-g9104f0fc43 (webtiles) character file.

Game seed: 7642577018523466570

71 pokeman the Magician (level 4, -2/25 HPs)
             Began as a Deep Elf Hedge Wizard on Dec 15, 2022.
             Killed by miscasting Mephitic Cloud (10 damage)
             ... on level 2 of the Dungeon.
             The game lasted 00:04:28 (2009 turns).

pokeman the Magician (Deep Elf Hedge Wizard)        Turns: 2009, Time: 00:04:28

Health: -2/25      AC:  4    Str:  7    XL:     4   Next: 5%
Magic:  0/13       EV: 11    Int: 21    God:
Gold:   83         SH:  0    Dex: 14    Spells: 5/13 levels left

rFire   . . .      SeeInvis .    k - +1 dagger (holy)
rCold   . . .      Faith    .    (no shield)
rNeg    . . .      Spirit   .    g - +0 leather armour
rPois   +          Reflect  .    o - +0 helmet
rElec   .          Harm     .    (no cloak)
rCorr   .          Rampage  .    (no gloves)
Will    .....                    (no boots)
Stlth   ++........               (no amulet)
HPRegen 0.24/turn                a - ring of poison resistance
MPRegen 0.13/turn                (no ring)

@: very slightly contaminated
A: no striking features
a: no special abilities


You were on level 2 of the Dungeon.
You visited 1 branch of the dungeon, and saw 2 of its levels.

You collected 119 gold pieces.
You spent 36 gold pieces at shops.

Inventory:

Hand Weapons
 k - a +1 dagger of holy wrath (weapon)
Armour
 g - a +0 leather armour (worn)
 o - a +0 helmet (worn)
Jewellery
 a - a ring of poison resistance (left hand)
Scrolls
 b - 2 scrolls of teleportation {unknown}
 e - a scroll of fog {unknown}
 f - 2 scrolls of enchant weapon {unknown}
 h - 2 scrolls of identify
 i - a scroll of summoning {unknown}
 m - a scroll of immolation {unknown}
 n - a scroll of vulnerability {unknown}
Potions
 d - 2 potions of magic
 j - a potion of degeneration {unknown}
 l - a potion of might {unknown}


   Skills:
 + Level 1.1 Fighting
 + Level 1.1 Armour
 - Level 2.4 Dodging
 - Level 2.4 Stealth
 * Level 5.4 Spellcasting
 + Level 2.1 Conjurations
 - Level 1.1 Summonings
 - Level 1.1 Translocations


You had 5 spell levels left.
You knew the following spells:

 Your Spells              Type           Power      Damage    Failure   Level
a - Magic Dart            Conj           56%        1d5       6%          1
b - Mephitic Cloud        Conj/Pois/Air  8%         N/A       32%         3
c - Call Imp              Summ           10%        N/A       14%         2
d - Blink                 Tloc           20%        N/A       14%         2

Your spell library contained the following spells:

 Spells                   Type           Power      Damage    Failure   Level
 Beastly Appendage        Tmut           10%        N/A       16%         1
 Slow                     Hex            20%        N/A       16%         1
 Cigotuvi's Dreadful Rot  Necr/Pois/Air  10%        N/A       22%         2
 Ensorcelled Hibernation  Hex/Ice        10%        N/A       22%         2
 Passwall                 Tmut/Erth      4%         N/A       22%         2
 Wereblood                Tmut           5%         N/A       22%         2
 Spider Form              Tmut/Pois      5%         N/A       41%         3
 Swiftness                Air            5%         N/A       41%         3


Dungeon Overview and Level Annotations

Branches:
Dungeon (2/15)

Altars:

Shops:
D:1 ?   D:2 =


Message History

Confirm with . or Enter, or press ? or * to list all spells.
The spell is astonishingly dangerous to miscast (36% risk of failure)!
Continue anyway?
Aiming: Mephitic Cloud (astonishingly dangerous; 36% risk of failure)
Press: ? - help, Shift-Dir - straight line, f - gnoll
Aim: a gnoll, wielding a +0 club (chance to affect: 91%)
The ball explodes into a vile cloud!
The stinking cloud engulfs the gnoll but does no damage.
The gnoll is engulfed in noxious fumes.
The gnoll appears confused.
Unknown command.
Unknown command.
You hit the gnoll.
The gnoll is moderately wounded.
The gnoll is engulfed in noxious fumes.
The gnoll appears confused.
The gnoll hits you with a +0 club.
You catch the helpless gnoll completely off-guard!
You puncture the gnoll!
You kill the gnoll!
You have reached level 4!
You feel clever.
A gnoll is nearby!
Casting: Mephitic Cloud (extremely dangerous; 32% risk of failure)
Confirm with . or Enter, or press ? or * to list all spells.
The spell is extremely dangerous to miscast (32% risk of failure)!
Continue anyway?
Aiming: Mephitic Cloud (extremely dangerous; 32% risk of failure)
Press: ? - help, Shift-Dir - straight line, f - gnoll
Aim: a gnoll, wielding a +0 spear (wandering, hasn't noticed you, chance to affect: 91%)
You miscast Mephitic Cloud.
You are very lightly contaminated with residual magic.
A wave of violent energy washes through your body!
Ouch! That really hurt!
* * * LOW HITPOINT WARNING * * *
The gnoll shouts!
Casting: Mephitic Cloud (extremely dangerous; 32% risk of failure)
Confirm with . or Enter, or press ? or * to list all spells.
The spell is extremely dangerous to miscast (32% risk of failure)!
Continue anyway?
Aiming: Mephitic Cloud (extremely dangerous; 32% risk of failure)
Press: ? - help, Shift-Dir - straight line, f/p - gnoll
Aim: a gnoll, wielding a +0 spear (chance to affect: 91%)
You miscast Mephitic Cloud.
Strange energies run through your body!
You die...

...##........... ......>..#
...###..<#####.# #####....# ...#
###...###.#############....#
##########......................#
###...#######.......)..#####..###
..'...'.)......#........ #...#
###...########.#g#(... #.#.##
...).........#.#)# ... ####.#..#
############.#.#@# g. ....##.# .#
####.#.#.# g ....#.# .#
#........#### ###.#..
.########........#..#### #....
.#.....##........#.P.PP### ###..
.#.###.##........#.~~~~~P####....
.#.# #.##........~~.P...~.PP##...
)#.# #..'.<......#..P###P~P.P#...
..>######........#.P## ###~~P####


You could see a gnoll.

Vanquished Creatures
  3 gnolls (D:2)
  2 worms (D:2)
  A dart slug (D:1)
  3 endoplasms
  4 giant cockroaches
  5 hobgoblins
  5 kobolds
  A quokka (D:1)
  5 bats
  3 frilled lizards
  3 goblins
  2 rats
37 creatures vanquished.

Vanquished Creatures (others)
  3 plants (D:2)
3 creatures vanquished.

Grand Total: 40 creatures vanquished

Notes
Turn   | Place    | Note
-------+----------+-------------------------------------------
     0 | D:1      | pokeman the Deep Elf Hedge Wizard began the quest for the
                  | Orb.
     0 | D:1      | Reached XP level 1. HP: 10/10 MP: 7/7
   343 | D:1      | Found Tyntoi's Magic Scroll Shoppe.
   352 | D:1      | Reached XP level 2. HP: 16/16 MP: 2/9
   412 | D:1      | Bought a scroll of noise for 12 gold pieces
   412 | D:1      | Bought a scroll of identify for 24 gold pieces
  1038 | D:2      | Reached skill level 5 in Spellcasting
  1071 | D:2      | Reached XP level 3. HP: 20/20 MP: 3/11
  1075 | D:2      | Learned a level 3 spell: Mephitic Cloud
  1078 | D:2      | Learned a level 2 spell: Call Imp
  1081 | D:2      | Learned a level 2 spell: Blink
  1155 | D:2      | Found Jooxzoeg's Jewellery Emporium.
  1602 | D:2      | Reached skill level 1 in Armour
  1761 | D:2      | Found a faded altar of an unknown god.
  1888 | D:2      | Reached skill level 1 in Fighting
  1998 | D:2      | Reached XP level 4. HP: 18/25 MP: 5/13
  2009 | D:2      | Killed by miscasting Mephitic Cloud

Illustrated notes

Levels and vault maps discovered:
D:1:      lordsloth_arrival_two_stooges, layout_loops_ring, serial_shops,
          nicolae_diamond_shop
D:2:      layout_basic, serial_shops, shop, shapermc_ecumenical_altar_hornbeckon

Skill      XL: |  1  2  3 |
---------------+----------+-----
Spellcasting   | 5 |  5.4
Armour         | 1 |  1.1
Conjurations   | 2 |  2.1
Fighting       | 1 |  1.1
Dodging        | |  2.4
Stealth        | |  2.4
Summonings     | |  1.1
Translocations | |  1.1

Action                   |  1- 3 |  4- 6 || total
-------------------------+-------+-------++-------
Melee: Dagger            |    14 |       ||    14
 Cast: Magic Dart        |   100 |       ||   100
       Mephitic Cloud    |     2 |       ||     2
 Stab: Confused          |     1 |       ||     1
Armor: Leather armour    |     2 |       ||     2
Dodge: Dodged            |     5 |       ||     5

Table legend: (Time is in decaauts)
 A = Elapsed time spent in this place.
 B = Non-inter-level travel time spent in this place.
 C = Inter-level travel time spent in this place.
 D = Time resting spent in this place.
 E = Time spent auto-exploring this place.
 F = Levels seen in this place.
 G = Mean time per level.
                   A        B        C        D        E       F      G
               +--------+--------+--------+--------+--------+-----+--------+
         Total |   2015 |   1959 |     56 |    101 |   1572 |   2 | 1007.5 |
       Dungeon |   2015 |   1959 |     56 |    101 |   1572 |   2 | 1007.5 |
               +--------+--------+--------+--------+--------+-----+--------+

Top non-repeatable levels by time:
     D:2: 1033 daAuts
     D:1: 982 daAuts
